 Dungeon Crawl Stone Soup version 0.26-a0-646-g5d7718319a (webtiles) character file.

Game seed: 5408919649387325021

34667 DogServant the Martial Artist (level 13, 0/103 HPs)
             Began as a Black Draconian Transmuter on Sept 24, 2020.
             Was an Elder of Ru.
             Slain by a nine-headed hydra (10 damage)
             ... on level 3 of the Lair of Beasts.
             The game lasted 01:25:03 (27763 turns).

DogServant the Martial Artist (DrTm)               Turns: 27763, Time: 01:25:04

Health: 0/103      AC:  8    Str: 14    XL:     13   Next: 43%
Magic:  20/23      EV: 17    Int: 15    God:    Ru [****..]
Gold:   1017       SH:  5    Dex: 20    Spells: 3/29 levels left

rFire    + . .     SeeInvis .     - Unarmed
rCold    + . .     Faith    .   (shield currently unavailable)
rNeg     . . .     Spirit   .   (armour unavailable)
rPois    .         Reflect  +   (helmet restricted)
rElec    +         Harm     .   L - scarf {rC+ rF+}
rCorr    .         Rampage  .   (gloves currently unavailable)
MR       .....                  (no boots)
Stlth    ..........             m - amulet of reflection
HPRegen  0.27/turn              k - +6 ring of dexterity
MPRegen  0.18/turn              J - ring of wizardry

@: lethally poisoned (0 -> -1), blade hands, slowed, very slow
A: breathe lightning, unfitting armour, frail 1, low mp 1, electricity
resistance, cold-blooded, no stealth, no fire magic, no hexes magic, no
necromancy magic, AC +8
a: Breathe Lightning, End Transformation, Draw Out Power, Power Leap, Renounce
Religion


You were on level 3 of the Lair of Beasts.
You worshipped Ru.
Ru was greatly pleased with you.
You had blades for hands.
You visited 3 branches of the dungeon, and saw 17 of its levels.
You also visited: Sewer and Bailey.

You collected 1017 gold pieces.

Inventory:

Missiles
 e - 45 poisoned darts (quivered)
Armour
 b - a +0 buckler (melded)
 c - a +2 cloak
 q - a +2 pair of gloves of dexterity (melded)
 L - a scarf of resistance (worn)
Jewellery
 k - a +6 ring of dexterity (left scythe-like blade)
 m - an amulet of reflection (around neck)
 t - a +4 ring of evasion
 G - an uncursed ring of positive energy
 J - a ring of wizardry (right scythe-like blade)
Wands
 r - a wand of paralysis (12)
 u - a wand of digging (21)
 x - a wand of flame (15)
 z - a wand of disintegration (5)
 B - a wand of polymorph (10)
 H - a wand of iceblast (27)
 K - a wand of enslavement (8)
Scrolls
 d - 3 scrolls of magic mapping
 f - 6 scrolls of fog
 h - 2 scrolls of enchant weapon
 j - 4 scrolls of teleportation
 y - a scroll of vulnerability
 C - a scroll of enchant armour
 D - 8 scrolls of remove curse
 E - 6 scrolls of amnesia
 F - a scroll of immolation
 O - a scroll of summoning
Potions
 a - 4 potions of cancellation
 g - 4 potions of might
 i - 2 potions of resistance
 l - a potion of haste
 n - a potion of brilliance
 o - 3 potions of flight
 p - a potion of invisibility
 s - 3 potions of mutation
 v - a potion of ambrosia
 A - a potion of magic
 I - 2 potions of lignification
 M - a potion of stabbing


   Skills:
 - Level 10.9 Fighting
 + Level 6.7 Dodging
 - Level 4.4 Shields
 + Level 11.4 Unarmed Combat
 - Level 8.6 Spellcasting
 - Level 11.1 Transmutations
 + Level 1.5 Ice Magic
 + Level 1.9 Air Magic
 + Level 3.7 Poison Magic
 + Level 5.8 Evocations


You had 3 spell levels left.
You knew the following spells:

 Your Spells              Type           Power        Failure   Level
a - Beastly Appendage     Tmut           #####.       3%          1
b - Wereblood             Tmut           #####...     3%          2
c - Spider Form           Tmut/Pois      ####......   8%          3
d - Blade Hands           Tmut           #####.....   11%         5
e - Ice Form              Ice/Tmut       ####....     19%         4
f - Swiftness             Air            ##......     17%         2
g - Mephitic Cloud        Conj/Pois/Air  ##......     26%         3
h - Blink                 Tloc           N/A          28%         2
i - Olgreb's Toxic Radia  Pois           ###.....     34%         4

Your spell library contained the following spells:

 Spells                   Type           Power        Failure   Level
 Sting                    Tmut/Pois      ####         4%          1
 Poisonous Vapours        Pois/Air       ##....       14%         2
 Shock                    Conj/Air       #...         17%         1
 Summon Small Mammal      Summ           #...         22%         1
 Call Imp                 Summ           #.......     28%         2
 Static Discharge         Conj/Air       #.......     32%         3
 Call Canine Familiar     Summ           #.......     43%         3
 Gell's Gravitas          Tloc           #.........   43%         3
 Lesser Beckoning         Tloc           #.........   43%         3
 Teleport Other           Tloc           #.......     43%         3
 Airstrike                Air            ##........   52%         4
 Summon Lightning Spire   Summ/Air       #.......     61%         4
 Summon Ice Beast         Ice/Summ       #.......     65%         4
 Passage of Golubria      Tloc           N/A          73%         4
 Lightning Bolt           Conj/Air       #.........   87%         5
 Ignite Poison            Fire/Tmut/Pois Unusable     N/A         3
 Summon Guardian Golem    Hex/Summ       Unusable     N/A         3

Dungeon Overview and Level Annotations

Branches:
Dungeon (13/15)            Temple (1/1) D:4            Lair (3/6) D:11
 Shoals (0/4) Lair:2        Snake (0/4) Lair:2          Orc (0/2) D:10
 Vaults (0/5) D:13          Sewer (visited)          Bailey (visited)

Altars:
Ashenzari
Cheibriados
Dithmenos
Elyvilon
Fedhas
Gozag
Hepliaklqana
Kikubaaqudgha
Makhleb
Nemelex Xobeh
Okawaru
Qazlal
Ru
Sif Muna
Trog
Uskayaw
Vehumet
Wu Jian
Xom
Yredelemnul
Zin
The Shining One

Shops:
D:4 }   D:5 [   D:7 *   D:8 *   D:11 (


Innate Abilities, Weirdness & Mutations

You can breathe wild blasts of lightning.
Your glossy black scales are hard. (AC +8)
You cannot fit into any form of body armour.
You are frail. (-10% HP)
Your magical capacity is low. (-10% MP)
You are resistant to electric shocks. (rElec)
You are cold-blooded and may be slowed by cold attacks.
You cannot be stealthy.
You cannot study or cast Fire magic.
You cannot study or cast Hexes magic.
You cannot study or cast Necromancy magic.


Message History

The nine-headed hydra bites you! x2; The nine-headed hydra bites you.
You block the nine-headed hydra's attack.
The nine-headed hydra bites you. The nine-headed hydra bites you!
You block the nine-headed hydra's attack.
The nine-headed hydra bites you!
* * * LOW HITPOINT WARNING * * *
You feel sick.
The nine-headed hydra closely misses you.
The nine-headed hydra bites you.
* * * LOW HITPOINT WARNING * * *
The nine-headed hydra bites you.
* * * LOW HITPOINT WARNING * * *
The nine-headed hydra completely misses you. x2
You block the nine-headed hydra's attack.
The nine-headed hydra bites you.
* * * LOW HITPOINT WARNING * * *
The nine-headed hydra bites you.
* * * LOW HITPOINT WARNING * * *
The nine-headed hydra bites you!
You die...

#.#. #### .... ###..### .#.#
#...##P###..? #####......#..# #.
#.####.##.#..#....
#...#..#...†..#.#
######...P.....D#......
#.#.#........)@....#.#.
##....##.#..#..........
###..###..........#.#.
######..####..................
.#P.#.#...#......................
.................P##.............
..........##......#.#............
...≈≈≈.....##....................
.≈≈≈≈≈≈≈≈.P...................#..


You could see a nine-headed hydra.

Vanquished Creatures
  Nessos (D:13)
  Josephine (D:13)
  Erolcha (D:13)
  A hydra (Lair:3)
  A centaur warrior (D:8)
  A dancing weapon (D:13)
  2 two-headed ogres
  A tengu warrior (D:13)
  Sonja (Lair:3)
  An unseen horror (D:11)
  A deep elf mage (D:8)
  2 manticores
  A wolf spider zombie (D:12)
  2 ugly things
  2 cyclopes (D:13)
  4 black mambas
  A gargoyle (D:13)
  An elephant (D:11)
  Maurice (D:10)
  5 cane toads
  Maggie (Lair:2)
  2 centaur skeletons (D:12)
  2 komodo dragons
  A freezing wraith (D:11)
  A polar bear (Lair:2)
  A tengu conjurer (D:13)
  5 trolls
  Grinder (D:3)
  11 hippogriffs
  3 blink frogs (Lair:2)
  2 wyverns
  Sigmund (D:6)
  4 wraiths
  10 yaks
  4 basilisks
  6 vampire mosquitoes
  An acid dragon (D:13)
  13 water moccasins
  Duvessa (D:6)
  4 porcupines
  2 ice beasts
  5 sky beasts
  3 black bears
  4 ogres
  6 orc warriors
  2 phantoms
  10 wolves
  7 crocodiles
  12 centaurs
  3 big kobolds
  14 bullfrogs
  A gnoll sergeant (D:10)
  2 wyvern zombies
  7 scorpions
  Dowan (D:6)
  10 killer bees
  9 wights
  8 howler monkeys
  An electric eel (Lair:3)
  3 centaur zombies
  7 hounds
  A jelly (D:10)
  8 orc priests
  A bullfrog zombie (D:10)
  5 iguanas
  Ijyb (D:3)
  Natasha (thrice) (D:3)
  12 orc wizards
  10 worker ants
  3 hound zombies
  A hound skeleton (D:4)
  A worker ant zombie (D:11)
  Robin (D:2)
  13 gnolls
  16 adders
  4 shadow imps
  2 white imps
  An ufetubus (D:10)
  4 oozes
  An adder zombie (D:5)
  2 adder skeletons
  5 worms
  4 dart slugs
  10 leopard geckos
  44 orcs
  4 ball pythons
  3 giant cockroaches
  12 goblins
  13 hobgoblins
  17 jackals
  3 quokkas
  14 bats
  11 frilled lizards
  29 kobolds
  3 leopard gecko skeletons
  2 quokka skeletons
  6 rats
492 creatures vanquished.

Vanquished Creatures (others)
  A centaur (D:11)
  A hound (D:11)
  4 fungi (Lair:2)
  7 plants (Lair:2)
13 creatures vanquished.

Grand Total: 505 creatures vanquished

Notes
Turn   | Place    | Note
-------+----------+-------------------------------------------
     0 | D:1      | DogServant the Draconian Transmuter began the quest for the
                  | Orb.
     0 | D:1      | Reached XP level 1. HP: 16/16 MP: 3/3
   206 | D:1      | Reached XP level 2. HP: 24/24 MP: 5/5
   756 | D:2      | Noticed an ogre
   765 | D:2      | Killed an ogre
   765 | D:2      | Reached XP level 3. HP: 9/31 MP: 6/6
   765 | D:2      | Reached XP level 4. HP: 12/39 MP: 7/7
   769 | D:2      | Learned a level 2 spell: Wereblood
   976 | D:2      | Found a basalt altar of Yredelemnul.
   980 | D:2      | Found a bloodstained altar of Trog.
  1086 | D:2      | Reached XP level 5. HP: 46/46 MP: 6/8
  1168 | D:2      | Noticed Robin
  1188 | D:2      | Killed Robin
  2302 | D:2      | Reached skill level 5 in Unarmed Combat
  2854 | D:3      | Noticed Natasha
  2861 | D:3      | Killed Natasha
  2879 | D:3      | Noticed Natasha
  2910 | D:3      | Found a glowing drain.
  2941 | Sewer    | Entered a sewer
  2952 | Sewer    | Reached XP level 6. HP: 41/53 MP: 5/9
  3550 | D:3      | You fall into a shaft and drop 3 floors!
  3562 | D:5      | Entered Level 5 of the Dungeon
  3862 | D:5      | Noticed a sky beast
  3867 | D:5      | Learned a level 3 spell: Spider Form
  3876 | D:5      | Killed a sky beast
  3876 | D:5      | Your scales start taking on a glossy black colour.
  3876 | D:5      | Reached XP level 7. HP: 21/60 MP: 4/10
  3876 | D:5      | Gained mutation: You are resistant to electric shocks.
                  | (rElec) [Black Draconian growth]
  4612 | D:4      | Found a hide-covered altar of Uskayaw.
  4713 | D:3      | Killed Natasha
  4714 | D:3      | Noticed Ijyb
  4727 | D:3      | Killed Ijyb
  4851 | D:3      | Noticed Natasha
  4858 | D:3      | Killed Natasha
  4996 | D:3      | Noticed Grinder
  5012 | D:3      | Killed Grinder
  5012 | D:3      | Reached XP level 8. HP: 24/67 MP: 9/11
  5416 | D:3      | Found a glowing silver altar of Zin.
  5518 | D:4      | Found a radiant altar of Vehumet.
  5579 | D:4      | Found a staircase to the Ecumenical Temple.
  5634 | Temple   | Entered the Ecumenical Temple
  5831 | Temple   | Became a worshipper of Ru the Awakened
  5880 | D:4      | Found a white marble altar of Elyvilon.
  5975 | D:4      | Reached skill level 5 in Transmutations
  5985 | D:4      | Found an ancient bone altar of Kikubaaqudgha.
  6070 | D:4      | Found Plog's Gadget Boutique.
  6974 | D:5      | Found Naethie's Armour Shoppe.
  6996 | D:5      | Reached skill level 5 in Dodging
  7460 | D:6      | Reached XP level 9. HP: 60/72 MP: 10/12
  7462 | D:6      | Gained mutation: You are frail. (-10% HP) [Ru sacrifice]
  7462 | D:6      | Reached * piety under Ru
  7462 | D:6      | Reached ** piety under Ru
  8304 | D:6      | Noticed Sigmund
  8309 | D:6      | Killed Sigmund
  8459 | D:6      | Identified a scroll of acquirement
  8459 | D:6      | Acquired a book of Spatial Translocations
  8496 | D:6      | Noticed Dowan
  8497 | D:6      | Noticed Duvessa
  8504 | D:6      | Killed Dowan
  8524 | D:6      | Killed Duvessa
  8949 | D:7      | Found Gozag's Platinum Reserve.
  8950 | D:7      | Found an opulent altar of Gozag.
  9118 | D:7      | Reached skill level 1 in Poison Magic
  9262 | D:7      | Learned a level 5 spell: Blade Hands
  9303 | D:7      | Reached skill level 5 in Fighting
  9381 | D:7      | Found a sacrificial altar of Ru.
  9571 | D:7      | Found a shimmering altar of Xom.
 10321 | D:8      | Found a stormy altar of Qazlal.
 10340 | D:8      | Found a flagged portal.
 10348 | Bailey   | Entered a bailey
 10348 | Bailey   | Noticed an orc knight
 10348 | Bailey   | Noticed an orc knight
 10349 | Bailey   | Noticed an orc knight
 10350 | Bailey   | Noticed an orc knight
 10525 | D:8      | Reached XP level 10. HP: 48/74 MP: 11/14
 10567 | D:8      | Learned a level 4 spell: Ice Form
 11260 | D:8      | Found Qiomode's Assorted Antiques.
 11364 | D:8      | Noticed a centaur warrior
 11387 | D:8      | Killed a centaur warrior
 11387 | D:8      | Reached skill level 1 in Shields
 11396 | D:8      | Noticed a deep elf mage
 11413 | D:8      | Killed a deep elf mage
 11586 | D:8      | Noticed an orc knight
 11588 | D:8      | Noticed an orange demon
 11932 | D:9      | Noticed a two-headed ogre
 11944 | D:9      | Killed a two-headed ogre
 13074 | D:10     | Entered Level 10 of the Dungeon
 13301 | D:10     | Reached skill level 5 in Spellcasting
 13973 | D:10     | Reached XP level 11. HP: 59/82 MP: 16/18
 14576 | D:10     | Found a staircase to the Orcish Mines.
 14586 | D:10     | Noticed Maurice
 14626 | D:10     | Killed Maurice
 16156 | D:11     | Learned a level 2 spell: Swiftness
 16437 | D:11     | Found Oneqyb's Antique Weapon Shop.
 16577 | D:11     | Found a staircase to the Lair.
 17523 | D:11     | Noticed an unseen horror
 17529 | D:11     | Killed an unseen horror
 18576 | D:11     | Gained mutation: You cannot study or cast Fire magic. [Ru
                  | sacrifice]
 18576 | D:11     | Gained mutation: You cannot study or cast Hexes magic. [Ru
                  | sacrifice]
 18576 | D:11     | Gained mutation: You cannot study or cast Necromancy magic.
                  | [Ru sacrifice]
 18576 | D:11     | Reached *** piety under Ru
 18930 | D:12     | Learned a level 3 spell: Mephitic Cloud
 18935 | D:12     | Learned a level 2 spell: Blink
 19953 | D:12     | Noticed a purple ugly thing
 19956 | D:13     | Noticed Nessos
 19958 | D:13     | Noticed Josephine
 19961 | D:13     | Noticed a two-headed ogre
 20409 | D:12     | Acquired a +1 pair of gloves of dexterity
 20588 | D:13     | Noticed a +7 long sword
 20588 | D:13     | Noticed a +2 long sword
 20962 | D:12     | Killed a purple ugly thing
 20962 | D:12     | Reached skill level 10 in Unarmed Combat
 21524 | D:12     | Reached skill level 1 in Evocations
 21861 | D:13     | Reached XP level 12. HP: 67/93 MP: 12/22
 22018 | D:13     | Noticed Erolcha
 22072 | D:13     | Reached skill level 10 in Transmutations
 22344 | D:13     | Killed Nessos
 22720 | D:13     | Gained mutation: Your magical capacity is low. (-10% MP)
                  | [Ru sacrifice]
 22809 | D:13     | Killed Erolcha
 22962 | D:13     | Killed Josephine
 22962 | D:13     | Reached skill level 10 in Fighting
 23343 | D:13     | Found a gate to the Vaults.
 23665 | D:13     | Killed a two-headed ogre
 23747 | D:13     | Noticed a tengu warrior
 23755 | D:13     | Killed a tengu warrior
 24004 | Lair:1   | Entered Level 1 of the Lair of Beasts
 24981 | Lair:1   | Gained mutation: You cannot be stealthy. [Ru sacrifice]
 24981 | Lair:1   | Reached **** piety under Ru
 25270 | Lair:2   | Got a coiled platinum ring
 25363 | Lair:2   | Noticed Maggie
 25377 | Lair:2   | Killed Maggie
 25377 | Lair:2   | Reached XP level 13. HP: 102/102 MP: 18/22
 25421 | Lair:2   | Found a staircase to the Shoals.
 26260 | Lair:2   | Reached skill level 5 in Evocations
 26578 | Lair:2   | Identified the ring of Innetwor {rCorr Str-5 Slay+5 Stlth+}
                  | (You found it on level 2 of the Lair of Beasts)
 26881 | Lair:2   | Found a staircase to the Snake Pit.
 27033 | Lair:2   | Learned a level 4 spell: Olgreb's Toxic Radiance
 27361 | Lair:3   | Reached skill level 1 in Air Magic
 27440 | Lair:3   | Reached skill level 1 in Ice Magic
 27753 | Lair:3   | Noticed Sonja
 27758 | Lair:3   | Killed Sonja
 27763 | Lair:3   | Slain by a nine-headed hydra

Illustrated notes

Levels and vault maps discovered:
D:1:      sevenhm_arrival_forest_fort_small_6, layout_rooms
D:2:      layout_basic, grunt_temple_overflow_open, minmay_pentomino_q2,
          uniq_robin
D:3:      layout_rooms, marbit_many_paths, cheibrodos_sewer_entry_bend,
          uniq_grinder, uniq_natasha, uniq_ijyb
D:4:      layout_layer_cave, nicolae_overflow_crystal_walls,
          kennysheep_mini_moat, lemuel_round_altar, old_standard_altar,
          minmay_temple_entry_statues, serial_shops, shop_fountains
D:5:      layout_loops_ring, serial_shops, nicolae_shop_trees
D:6:      layout_loops_corners, uniq_sigmund, uniq_duvessa
D:7:      layout_basic, tgw_xom, nicolae_gozag_zags_fifth_avenue,
          grunt_decor_resistance, david_defended_altar_elf
D:8:      layout_loops_ring, nicolae_qazlal_style_of_elements, enter_bailey_3,
          serial_shops, kennysheep_little_box, minmay_evil_grid, uniq_harold
D:9:      layout_basic, kennysheep_pointless_box
D:10:     layout_grid_maze, orc_0_dummy, uniq_maurice
D:11:     layout_gridville, david_lair_generic, serial_shops, shop
D:12:     layout_irregular_city
D:13:     layout_irregular_city, erik_vaults_1, uniq_josephine, uniq_erolcha,
          uniq_nessos
Temple:   minmay_temple_bridge_abc
Lair:1:   layout_long_grid, serial_bayou_shore_b
Lair:2:   layout_big_grid, minmay_shoals_entry_beasts,
          minmay_snake_entry_six_corridors, uniq_maggie
Lair:3:   layout_cave_shapes, gammafunk_ghost_grave, st_stairs_11,
          infiniplex_staircase_pool, uniq_nergalle, uniq_sonja

Skill      XL: |  1  2  3  4  5  6  7  8  9 10 11 12 13 |
---------------+----------------------------------------+-----
Fighting       | 3 4 5 7 9 10 | 10.9
Unarmed Combat | 4 5 6 7 8 9 10 11 | 11.4
Dodging        | 2 3 4 5 6 |  6.7
Transmutations | 3 4 6 7 8 9 10 11 | 11.1
Poison Magic   | 2 3 |  3.7
Spellcasting   | 3 5 6 8 |  8.6
Shields        | 4 |  4.4
Evocations     | 1 4 5 |  5.8
Air Magic      | 1 |  1.9
Ice Magic      | 1 |  1.5

Action                   |  1- 3 |  4- 6 |  7- 9 | 10-12 | 13-15 || total
-------------------------+-------+-------+-------+-------+-------++-------
Melee: Unarmed           |    65 |   201 |   461 |   843 |   160 ||  1730
       Tailslap          |     7 |    19 |    69 |    98 |    24 ||   217
       Kick              |     7 |    35 |   113 |   103 |     3 ||   261
       Headbutt          |     4 |    28 |    67 |    65 |       ||   164
       Punch             |     1 |     3 |    15 |    16 |     4 ||    39
 Cast: Beastly Appendage |     7 |    30 |    40 |    26 |     3 ||   106
       Wereblood         |       |     2 |     4 |     9 |     2 ||    17
       Spider Form       |       |     1 |     5 |    16 |       ||    22
       Blade Hands       |       |       |       |    17 |    16 ||    33
       Ice Form          |       |       |       |    18 |     3 ||    21
       Blink             |       |       |       |       |     1 ||     1
Invok: Sacrifice Health  |       |       |     1 |       |       ||     1
       Reject Sacrifices |       |       |     1 |       |       ||     1
       Sacrifice Arcana  |       |       |       |     1 |       ||     1
       Sacrifice Essence |       |       |       |     1 |       ||     1
       Sacrifice Stealth |       |       |       |     1 |       ||     1
       Draw Out Power    |       |       |       |       |     1 ||     1
 Abil: Breathe Lightning |       |       |     2 |       |       ||     2
       End Transformatio |       |       |       |       |     1 ||     1
Evoke: Wand              |       |       |       |     5 |     3 ||     8
  Use: Scroll            |       |     6 |    13 |    15 |     5 ||    39
       Potion            |       |       |       |     5 |     1 ||     6
 Stab: Sleeping          |       |     1 |     4 |     5 |       ||    10
       Invisible         |       |       |       |     4 |     1 ||     5
       Distracted        |       |       |       |     2 |       ||     2
Armor: Skin              |    21 |    78 |    72 |   104 |    24 ||   299
Dodge: Dodged            |    62 |   205 |   341 |   702 |   137 ||  1447
Block: Other             |       |       |    74 |   115 |    32 ||   221
       Reflection        |       |       |     6 |    18 |     1 ||    25
       Buckler           |       |       |       |   136 |    24 ||   160

Table legend: (Time is in decaauts)
 A = Elapsed time spent in this place.
 B = Non-inter-level travel time spent in this place.
 C = Inter-level travel time spent in this place.
 D = Time resting spent in this place.
 E = Time spent auto-exploring this place.
 F = Levels seen in this place.
 G = Mean time per level.
                   A        B        C        D        E       F      G
               +--------+--------+--------+--------+--------+-----+--------+
         Total |  27631 |  27023 |    608 |  10735 |  12192 |  19 | 1454.3 |
       Dungeon |  23062 |  22535 |    527 |   9507 |   9711 |  13 | 1774.0 |
        Temple |    222 |    197 |     25 |      0 |    179 |   1 |  222.0 |
          Lair |   3723 |   3668 |     55 |   1048 |   2090 |   3 | 1241.0 |
         Sewer |    613 |    613 |      0 |    180 |    211 |   1 |  613.0 |
        Bailey |      9 |      9 |      0 |      0 |      0 |   1 |    9.0 |
               +--------+--------+--------+--------+--------+-----+--------+

Top non-repeatable levels by time:
    D:11: 3045 daAuts
    D:12: 2984 daAuts
    D:10: 2680 daAuts
    D:13: 2133 daAuts
     D:5: 1740 daAuts
  Lair:1: 1614 daAuts
     D:6: 1607 daAuts
  Lair:2: 1599 daAuts
     D:8: 1596 daAuts
     D:2: 1445 daAuts
     D:9: 1408 daAuts
     D:1: 1370 daAuts
     D:7: 1059 daAuts
     D:4: 1015 daAuts
     D:3: 975 daAuts
